 Dungeon Crawl Stone Soup version 0.21.1-1-g345015fe64 (webtiles) character file.

163 raetorn the Slasher (level 5, 0/27 HPs)
             Began as a Vine Stalker Fighter on May 24, 2018.
             Succumbed to a worker ant's poison
             ... on level 3 of the Dungeon.
             The game lasted 00:02:28 (2661 turns).

raetorn the Slasher (Vine Stalker Fighter)          Turns: 2661, Time: 00:02:29

Health: 0/27       AC:  7    Str: 18    XL:     5   Next: 44%
Magic:  3/6        EV:  7    Int:  8    God:
Gold:   60         SH:  9    Dex: 15    Spells: 4/4 levels left

rFire    . . .     SeeInvis .   a - +0 long sword
rCold    . . .     Gourm    .   c - +0 shield
rNeg     . . .     Faith    .   b - +0 scale mail
rPois    .         Spirit   +   (no helmet)
rElec    .         Reflect  .   (no cloak)
rCorr    .         Harm     .   n - +0 pair of gloves
MR       .....                  (no boots)
Stlth    ..........             h - amulet of magic regeneration
HPRegen  0.49/turn              (no ring)
MPRegen  0.35/turn              (no ring)

@: lethally poisoned (0 -> -6)
A: fangs 2, regeneration 1, magic shield, antimagic bite, no potion heal 3, rot
immunity
a: no special abilities


You were on level 3 of the Dungeon.
You were not hungry.

You visited 1 branch of the dungeon, and saw 4 of its levels.

You collected 60 gold pieces.

Inventory:

Hand Weapons
 a - a +0 long sword (weapon)
Missiles
 o - 5 javelins (quivered)
 q - a throwing net
Armour
 b - a +0 scale mail (worn)
 c - a +0 shield (worn)
 n - a +0 pair of gloves (worn)
Jewellery
 h - an amulet of magic regeneration (around neck)
 t - a cursed amulet of inaccuracy {unknown}
Wands
 u - a wand of polymorph (13)
Scrolls
 e - 2 scrolls of magic mapping {unknown}
 i - 3 scrolls of identify {unknown}
 l - 2 scrolls of fog {unknown}
 m - 2 scrolls of enchant armour {unknown}
 r - a scroll of random uselessness {unknown}
Potions
 d - a potion of might
 k - a potion of curing {unknown}
 p - a potion of haste {unknown}
 s - 2 potions of degeneration {unknown}
Comestibles
 f - 4 rations


   Skills:
 - Level 2.6 Fighting
 + Level 5.0 Long Blades
 - Level 2.4 Armour
 - Level 2.6 Shields


You had 4 spell levels left.
You didn't know any spells.

Dungeon Overview and Level Annotations

Branches:
Dungeon (4/15)
 Temple: D:4-7

Altars:
Ashenzari
Hepliaklqana


Innate Abilities, Weirdness & Mutations

You have extremely sharp teeth.
Your natural rate of healing is unusually fast.
When hurt, damage is shared between your health and your magic reserves.
Your bite disrupts and absorbs the magic of your enemies.
Potions cannot restore your health.
You are immune to rotting.


Message History

You feel invigorated.
The iguana is severely wounded.
You feel sick. The worker ant completely misses you. The iguana bites you.
The worker ant barely misses you. The iguana bites you!
* * * LOW HITPOINT WARNING * * *
You hit the iguana. Your bite misses the iguana.
The iguana is almost dead.
* * * LOW HITPOINT WARNING * * *
You feel sick.
The worker ant bites you but does no damage.
The iguana bites you.
* * * LOW HITPOINT WARNING * * *
It was a potion of heal wounds.
That seemed strangely inert.
* * * LOW HITPOINT WARNING * * *
You feel sick. You block the worker ant's attack.
The iguana closely misses you.
You hit the iguana.
You kill the iguana!
Your Long Blades skill increases to level 5!
You die...

#.........##...#.........#.....#)
#.........##.#.#..##.#####.)...#.
#.........##.#.#..##.# #.......
#.........##.#.#..##.# ##.)..##
#.........##.#.......# #....#
############.##..##### #....#
#............##..# #....#
#....###########†# #....#
#....#.....#...a@# #....#
#....#.###.#.##### ######
.....#.# #.#.# .....#<# #.#.#
####### .....#####.#.# #......
...........#.# #.####.
....########.#### ####.####.
........###.....# #.........
................# #.##.####.


You could see a worker ant.

Vanquished Creatures
  Jessica (D:2)
  An iguana (D:3)
  4 adders
  An ooze (D:3)
  2 worms
  3 dart slugs
  5 leopard geckos
  An orc (D:3)
  A ball python (D:2)
  2 giant cockroaches (D:1)
  5 hobgoblins (D:1)
  3 jackals (D:3)
  5 bats
  3 frilled lizards
  10 goblins
  6 kobolds
  5 rats
58 creatures vanquished.

Notes
Turn   | Place    | Note
-------+----------+-------------------------------------------
     0 | D:1      | raetorn the Vine Stalker Fighter began the quest for the Orb.
     0 | D:1      | Reached XP level 1. HP: 11/11 MP: 2/2
     8 | D:1      | Reached skill level 2 in Long Blades
    40 | D:1      | HP: 10/11 [hobgoblin/club (1)]
    75 | D:1      | HP: 9/11 [dart slug (2)]
    78 | D:1      | Reached XP level 2. HP: 13/16 MP: 3/3
   276 | D:1      | HP: 14/16 [hobgoblin/club (2)]
   307 | D:1      | HP: 12/16 [bat (1)]
   335 | D:1      | Reached skill level 3 in Long Blades
   366 | D:1      | HP: 13/16 [goblin (1)]
   372 | D:1      | Reached XP level 3. HP: 14/19 MP: 4/4
   468 | D:1      | HP: 18/19 [kobold/short sword (1)]
   697 | D:2      | HP: 18/19 [frilled lizard (1)]
   766 | D:2      | HP: 18/19 [adder (1)]
   772 | D:2      | HP: 12/19 [poisoned by an adder]
   779 | D:2      | HP: 10/19 [poisoned by an adder]
   787 | D:2      | HP: 9/19 [poisoned by an adder]
  1132 | D:2      | Noticed Jessica
  1138 | D:2      | HP: 16/19 [Jessica/dagger of protection (3)]
  1139 | D:2      | Killed Jessica
  1139 | D:2      | Reached skill level 4 in Long Blades
  1139 | D:2      | Gained mutation: Your natural rate of healing is unusually fast. [Vine Stalker growth]
  1139 | D:2      | Reached XP level 4. HP: 19/23 MP: 5/5
  1166 | D:2      | HP: 20/23 [worm (3)]
  1283 | D:2      | HP: 21/23 [adder (2)]
  1288 | D:2      | HP: 14/23 [poisoned by an adder]
  1294 | D:2      | HP: 15/23 [poisoned by an adder]
  1301 | D:2      | HP: 16/23 [poisoned by an adder]
  1309 | D:2      | HP: 18/23 [poisoned by an adder]
  1653 | D:3      | HP: 20/23 [adder (3)]
  1660 | D:3      | HP: 20/23 [poisoned by an adder]
  1667 | D:3      | HP: 22/23 [poisoned by an adder]
  1753 | D:3      | HP: 21/23 [goblin (2)]
  1809 | D:3      | HP: 22/23 [jackal (1)]
  1815 | D:3      | Reached XP level 5. HP: 27/27 MP: 6/6
  1891 | D:3      | HP: 25/27 [leopard gecko (2)]
  2007 | D:3      | Found a hazy altar of Hepliaklqana.
  2007 | D:3      | Found a shattered altar of Ashenzari.
  2041 | D:3      | HP: 25/27 [goblin/club (2)]
  2064 | D:3      | HP: 25/27 [adder (2)]
  2069 | D:3      | HP: 24/27 [adder (3)]
  2106 | D:3      | HP: 25/27 [frilled lizard (2)]
  2650 | D:4      | HP: 26/27 [iguana (1)]
  2655 | D:3      | HP: 19/27 [poisoned by a worker ant]
  2658 | D:3      | HP: 4/27 [iguana (6)]
  2660 | D:3      | HP: 1/27 [poisoned by a worker ant]
  2661 | D:3      | Reached skill level 5 in Long Blades
  2661 | D:3      | Succumbed to a worker ant's poison

Skill      XL: |  1  2  3  4  5 |
---------------+----------------+-----
Long Blades    | 2 3 4 5 |  5.0
Fighting       | |  2.6
Armour         | |  2.4
Shields        | |  2.6

Action                   |  1- 3 |  4- 6 || total
-------------------------+-------+-------++-------
Melee: Long sword        |    98 |    99 ||   197
       Bite              |    28 |    25 ||    53
  Use: Potion            |       |     1 ||     1
  Eat: Chunk             |     1 |     5 ||     6
Armor: Scale mail        |    39 |    36 ||    75
Dodge: Dodged            |    24 |    35 ||    59
Block: Shield            |    54 |    49 ||   103
       Rpst.: Long sword |     5 |     7 ||    12
